 Dungeon Crawl Stone Soup version 0.24-a0-784-g601f8f6d22 (webtiles) character file.

Game seed: 574114433470875582, levelgen mode: deterministic

798 Johnny the Digger (level 7, -11/57 HPs)
             Began as a Demigod Earth Elementalist on Oct 9, 2019.
             Mangled by an orc warrior
             ... wielding a +0 dire flail
              (24 damage)
             ... on level 5 of the Dungeon.
             The game lasted 00:05:16 (4976 turns).

Johnny the Digger (Demigod Earth Elementalist)      Turns: 4976, Time: 00:05:16

Health: -11/57     AC:  2    Str: 11    XL:     7   Next: 32%
Magic:  15/15      EV: 14    Int: 23    God:
Gold:   207        SH:  0    Dex: 16    Spells: 12/13 levels left

rFire    + . .     SeeInvis +   o - +0 quarterstaff
rCold    . . .     Gourm    .   (shield currently unavailable)
rNeg     . . .     Faith    .   c - +0 robe
rPois    +         Spirit   .   (no helmet)
rElec    .         Reflect  .   (no cloak)
rCorr    .         Harm     .   (no gloves)
MR       .....                  (no boots)
Stlth    ++........             (no amulet)
HPRegen  0.19/turn              f - ring of see invisible
MPRegen  0.14/turn              x - ring of protection from fire

@: no status effects
A: blurry vision 1, high mp 1, poison resistance
a: no special abilities


You were on level 5 of the Dungeon.
You were not hungry.

You visited 1 branch of the dungeon, and saw 5 of its levels.

You collected 207 gold pieces.

Inventory:

Hand Weapons
 k - a +0 short sword
 o - a +0 quarterstaff (weapon)
Missiles
 b - 156 stones (quivered)
Armour
 c - a +0 robe (worn)
Jewellery
 a - an uncursed ring of flight
 f - a ring of see invisible (left hand)
 x - a ring of protection from fire (right hand)
Scrolls
 j - 4 scrolls of enchant weapon {unknown}
 m - 6 scrolls of teleportation {unknown}
 n - 4 scrolls of identify {unknown}
 p - 2 scrolls of fear {unknown}
 r - 3 scrolls of blinking {unknown}
 t - a scroll of immolation
 u - 3 scrolls of magic mapping {unknown}
Potions
 e - 2 potions of brilliance {unknown}
 g - a potion of agility {unknown}
 i - a potion of might
 l - a potion of degeneration {unknown}
 q - a potion of curing
 s - a potion of mutation
 v - a potion of lignification {unknown}
 w - a potion of invisibility {unknown}
 z - 2 potions of flight {unknown}
Comestibles
 d - 12 rations
 A - a chunk of flesh


   Skills:
 + Level 3.2 Fighting
 + Level 3.8 Dodging
 - Level 1.7 Stealth
 + Level 3.5 Spellcasting
   Level 0.8 Transmutations
 * Level 5.5 Earth Magic


You had 12 spell levels left.
You knew the following spells:

 Your Spells              Type           Power        Failure   Level  Hunger
a - Sandblast             Erth           ####..       1%          1    None

Your spell library contained the following spells:

 Spells                   Type           Power        Failure   Level  Hunger
 Passwall                 Tmut/Erth      ###.....     4%          2    #......
 Stone Arrow              Conj/Erth      ###...       11%         3    ###....
 Petrify                  Tmut/Erth      ###.....     28%         4    ####...
 Lee's Rapid Deconstruct  Erth           ####......   30%         5    ######.


Dungeon Overview and Level Annotations

Branches:
Dungeon (5/15)
 Temple: D:4-7


Innate Abilities, Weirdness & Mutations

You have an increased reservoir of magic. (+10% MP)
Scrolls take you a little longer to read.
Your system is resistant to poisons. (rPois)


Message History

Your vision blurs.
You feel resistant to poisons. The orc warrior barely misses you.
The orc wizard hits you with a +0 dagger.
It was a potion of curing.
You feel better.
The orc warrior hits you with a +0 dire flail!!
* * * LOW HITPOINT WARNING * * *
The orc wizard hits you with a +0 dagger.
* * * LOW HITPOINT WARNING * * *
Unknown command.
You feel much better.
The orc priest hits you with a +0 flail!
The orc warrior hits you with a +0 dire flail!
* * * LOW HITPOINT WARNING * * *
The orc wizard closely misses you.
Okay, then.
Really read with blurry vision while enemies are nearby?
The orc priest misses you.
You begin reading the scroll.
You continue reading the scroll.
The orc warrior hits you with a +0 dire flail!!
You die...

##...##.............. #....
##.......................##
#................ .....##
##............... ####..
#.##............. #.
#####............ #.
#...........<.##
#................
#...o@...........#
##...oo............
###...................
##.....................
##....o.................
#..#.##..................
#.##.#####...............
###..## #......b......###
#....## ##..............#


You could see an orc warrior, an orc priest and 2 orc wizards.

Vanquished Creatures
  Sigmund (D:3)
  A sky beast (D:5)
  2 ogres (D:4)
  A howler monkey (D:5)
  A crimson imp (D:5)
  A jelly (D:2)
  2 hounds (D:4)
  A bullfrog skeleton (D:4)
  4 gnolls (D:4)
  7 adders
  3 worms
  3 dart slugs (D:1)
  5 orcs
  3 giant cockroaches
  7 goblins
  13 hobgoblins
  8 jackals
  A quokka (D:2)
  A ball python (D:2)
  6 bats
  5 frilled lizards
  11 kobolds
  A quokka skeleton (D:4)
  8 rats
96 creatures vanquished.

Notes
Turn   | Place    | Note
-------+----------+-------------------------------------------
     0 | D:1      | Johnny the Demigod Earth Elementalist began the quest for
                  | the Orb.
     0 | D:1      | Reached XP level 1. HP: 14/14 MP: 5/5
   189 | D:1      | Reached XP level 2. HP: 4/22 MP: 4/7
   461 | D:1      | Reached skill level 3 in Earth Magic
  1407 | D:1      | Reached XP level 3. HP: 27/27 MP: 8/8
  1422 | D:1      | Reached skill level 1 in Fighting
  2149 | D:2      | Reached XP level 4. HP: 8/35 MP: 8/10
  2367 | D:2      | You fall into a shaft and drop 1 floor!
  2571 | D:3      | Noticed Sigmund
  2591 | D:3      | Killed Sigmund
  2591 | D:3      | Reached skill level 4 in Earth Magic
  2591 | D:3      | Reached XP level 5. HP: 4/41 MP: 5/12
  3656 | D:4      | Noticed an ogre
  3661 | D:4      | Killed an ogre
  3661 | D:4      | Reached XP level 6. HP: 49/49 MP: 7/13
  4166 | D:4      | Reached skill level 5 in Earth Magic
  4236 | D:4      | Reached XP level 7. HP: 26/56 MP: 13/15
  4608 | D:5      | Entered Level 5 of the Dungeon
  4972 | D:5      | Gained mutation: Scrolls take you a little longer to read.
                  | [potion of mutation]
  4972 | D:5      | Gained mutation: Your system is resistant to poisons.
                  | (rPois) [potion of mutation]
  4976 | D:5      | Mangled by an orc warrior

Levels and vault maps discovered:
D:1:      ncdulo_wetmaze, layout_loops_corners, minmay_pentomino_s4
D:2:      minmay_evil_eye, layout_loops_ring
D:3:      layout_basic, uniq_sigmund
D:4:      layout_basic
D:5:      layout_layer_cave, old_standard_altar, lemuel_coloured_pillars_altar,
          minmay_temple_entry_butterflies, first_ration

Skill      XL: |  1  2  3  4  5  6  7 |
---------------+----------------------+-----
Dodging        | 2 3 |  3.8
Earth Magic    | 3 4 5 |  5.5
Spellcasting   | 2 3 |  3.5
Fighting       | 1 2 3 |  3.2
Stealth        | |  1.7
Transmutations | |  0.8

Action                   |  1- 3 |  4- 6 |  7- 9 || total
-------------------------+-------+-------+-------++-------
Melee: Dagger            |    46 |       |       ||    46
       Short sword       |    48 |       |       ||    48
       Quarterstaff      |    15 |    80 |    18 ||   113
 Cast: Sandblast         |    47 |    31 |     8 ||    86
  Use: Scroll            |     2 |     2 |       ||     4
       Potion            |       |     2 |     3 ||     5
 Stab: Sleeping          |     4 |     4 |     2 ||    10
  Eat: Chunk             |     4 |     4 |     2 ||    10
       Ration            |       |     1 |       ||     1
Armor: Robe              |    17 |    12 |     1 ||    30
Dodge: Dodged            |    89 |    65 |    16 ||   170

Table legend:
 A = Non-vault XP
 B = Vault XP
 C = Vault XP percentage of total XP
 D = Non-vault monster count
 E = Vault monster count
 F = Vault count percentage of total count
                 A         B        C        D         E       F
            +---------+---------+-------+---------+---------+-------
      Total |     923 |     217 |  19.0 |      86 |      10 |  10.4
            +---------+---------+-------+---------+---------+-------
        D:1 |      53 |       3 |   5.4 |      29 |       2 |   6.5
        D:2 |     102 |       9 |   8.1 |      18 |       7 |  28.0
        D:3 |      31 |     205 |  86.9 |      12 |       1 |   7.7
        D:4 |     495 |       0 |   0.0 |      21 |       0 |   0.0
        D:5 |     242 |       0 |   0.0 |       6 |       0 |   0.0
            +---------+---------+-------+---------+---------+-------
